 Dungeon Crawl Stone Soup version 0.29.1-15-g9cfb28693d (webtiles) character file.

Game seed: 5523690351620072388

0 leafyfresh the Sneak (level 1, -3/16 HPs)
             Began as an Octopode Delver on Mar 5, 2023.
             Slain by an orc
             ... wielding a +0 flail
              (5 damage)
             ... on level 5 of the Dungeon.
             The game lasted 00:00:06 (68 turns).

leafyfresh the Sneak (Octopode Delver)                Turns: 68, Time: 00:00:07

Health: -3/16      AC:  1    Str: 11    XL:     1   Next: 0%
Magic:  1/1        EV: 13    Int: 12    God:
Gold:   11         SH:  0    Dex: 13    Spells: 0/0 levels left

rFire   . . .      SeeInvis .   a - +0 short sword
rCold   . . .      Faith    .   (no shield)
rNeg    . . .      Spirit   .   (helmet restricted)
rPois   .          Reflect  .   (no amulet)
rElec   .          Harm     .   (no ring)
rCorr   .          Rampage  .   (no ring)
Will    .....                   (no ring)
Stlth   ++++......              (no ring)
HPRegen 0.05/turn               (no ring)
MPRegen 0.07/turn               (no ring)
                                (no ring)
                                (no ring)

@: no status effects
A: almost no armour, amphibious, 8 rings, camouflage 1, gelatinous body 1,
(nimble swimmer 1), tentacles
a: no special abilities


You were on level 5 of the Dungeon.
You visited 1 branch of the dungeon, and saw 1 of its levels.

You collected 11 gold pieces.

Inventory:

Hand Weapons
 a - a +0 short sword (weapon)
Wands
 f - a wand of digging (3)
Scrolls
 b - a scroll of fog
 c - a scroll of magic mapping
 d - a scroll of fear
Potions
 e - a potion of haste


   Skills:
 + Level 3.0 Fighting
 - Level 2.0 Short Blades
 + Level 2.0 Dodging
 + Level 6.6 Stealth


You couldn't memorise any spells.
You didn't know any spells.
Your spell library was empty.

Dungeon Overview and Level Annotations

Branches:
Dungeon (5/15)
 Temple: D:4-7

Altars:


Innate Abilities, Weirdness & Mutations

You cannot wear most types of armour.
You are amphibious.
You can wear up to eight rings at the same time.
Your skin changes colour to match your surroundings (Stealth+).
Your rubbery body absorbs attacks. (AC +1, EV +1)
((You are camouflaged when in or above water. (Stealth+)))
You have tentacles for arms and can constrict up to eight enemies at once.


Message History

No target in view!
Found a robe.
No target in view!
An orc comes into view. It is wielding a +0 flail.
The orc moves out of view.
No target in view!
You see here a +0 robe.
Found a stone staircase leading up.
No target in view!
You now have 11 gold pieces.
You open the door.
There is an open door here.
An orc and an iguana come into view.
Found 2 scrolls labelled BENAHI DIETZE.
The iguana hisses angrily.
The orc shouts!
Found 18 gold pieces.
You see here an Everburning Encyclopedia.
There are monsters nearby!
You closely miss the iguana. Your grab misses the iguana.
You squeeze the iguana, but do no damage.
The iguana barely misses you.
You hit the iguana. You grab the iguana. You squeeze the iguana.
The iguana is moderately wounded.
You constrict the iguana. The iguana bites you.
You hit the iguana but do no damage. Your squeeze misses the iguana.
The iguana is heavily wounded.
You constrict the iguana. The iguana bites you!
Ouch! That really hurt!
* * * LOW HITPOINT WARNING * * *
You are too injured to fight recklessly!
You are too injured to fight recklessly!
Unknown command.
You barely miss the iguana.
The iguana is heavily wounded.
You constrict the iguana. The iguana closely misses you.
The orc barely misses you.
You hit the iguana. You squeeze the iguana.
You kill the iguana!
The orc hits you with a +0 flail.
You die...

♣...###.##....#####.###
♣......................
♣######.######......#..
#.# #.#....... #.#
#.#######. #.# #..
...... #.###############
+#######.?..............
.?....†@.##############.
......o..# #.....
.........##########....#
........?##..........###
.........##.#####.#####
.........##. #....[#
.........##. ###.#####
$........##. ##...#
....##. #..#.#


You could see an orc.

Vanquished Creatures
  An iguana (D:5)
1 creature vanquished.

Notes
Turn   | Place    | Note
-------+----------+-------------------------------------------
     0 | D:5      | leafyfresh the Octopode Delver began the quest for the Orb.
     0 | D:5      | Reached XP level 1. HP: 16/16 MP: 1/1
    62 | D:5      | Noticed an iguana
    68 | D:5      | Killed an iguana
    68 | D:5      | Slain by an orc

Illustrated notes

Levels and vault maps discovered:
D:5:      layout_basic, nicolae_yredelemnul_corpse_copse, gammafunk_ghost_smash,
          uniq_duvessa, uniq_ijyb

Action                   || total
-------------------------++-------
Melee: Short sword       ||     5
       Tentacles         ||     3
       Constrict         ||     1
Dodge: Dodged            ||     3
